 Dungeon Crawl Stone Soup version 0.19.4-10-g532645f (webtiles) character file.

46 Magnus the Slasher (level 3, -1/27 HPs)
             Began as a Demonspawn Gladiator on Feb 25, 2017.
             Slain by a hobgoblin
             ... wielding a +0 club
             ... led by Robin
              (5 damage)
             ... on level 2 of the Dungeon.
             The game lasted 00:02:28 (1821 turns).

Magnus the Slasher (Demonspawn Gladiator)           Turns: 1821, Time: 00:02:28

Health: -1/27      AC:  5    Str: 15    XL:     3   Next: 46%
Magic:  3/3        EV: 12    Int:  9    God:
Gold:   93         SH:  0    Dex: 14    Spells: 0 memorised, 2 levels left

rFire  . . .     SeeInvis .     a - +0 long sword
rCold  . . .     Gourm    .     b - +0 leather armour
rNeg   . . .     Faith    .     (no shield)
rPois  .         Spirit   .     o - +1 helmet
rElec  .         Reflect  .     (no cloak)
rCorr  .         Harm     .     (no gloves)
MR     .....                    (no boots)
Stlth  +.........               (no amulet)
                                (no ring)
                                (no ring)

@: no status effects
A: powered by pain 1
a: no special abilities


You were on level 2 of the Dungeon.
You were very hungry.

You visited 1 branch of the dungeon, and saw 2 of its levels.

You collected 93 gold pieces.

Inventory:

Hand Weapons
 a - a +0 long sword (weapon)
Missiles
 d - 3 throwing nets (quivered)
Armour
 b - a +0 leather armour (worn)
 o - a +1 helmet (worn)
Jewellery
 e - a +4 ring of intelligence {unknown}
Scrolls
 c - a scroll of blinking {unknown}
 h - 4 scrolls of identify {unknown}
 i - 2 scrolls of immolation {unknown}
 k - a scroll of recharging {unknown}
Potions
 g - a potion of might {unknown}
 l - 2 potions of curing {unknown}
 m - a potion of haste {unknown}
 n - a potion of brilliance {unknown}
Comestibles
 f - a bread ration
 j - a meat ration


   Skills:
 - Level 2.0 Fighting
 + Level 4.1 Long Blades
 - Level 1.7 Throwing
 - Level 2.6 Dodging


You had 2 spell levels left.
You didn't know any spells.

Dungeon Overview and Level Annotations

Branches:
Dungeon (2/15)

Altars:

Annotations:
D:2 Robin


Innate Abilities, Weirdness & Mutations

You sometimes gain a little power by taking damage.


Message History

The goblin barely misses you.
You riposte.
You completely miss the goblin.
The goblin is severely wounded.
Unknown command.
You closely miss the goblin.
The goblin is severely wounded.
The goblin no longer looks unusually strong.
The hobgoblin hits you with a club. The goblin barely misses you.
Robin throws the goblin at you! The goblin barely misses you.
You riposte.
You barely miss the goblin.
The goblin is severely wounded.
The hobgoblin barely misses you.
You closely miss the goblin.
The goblin is severely wounded.
You are feeling very hungry.
The goblin hits you. x2
* * * LOW HITPOINT WARNING * * *
The goblin hits you with a dagger.
* * * LOW HITPOINT WARNING * * *
The hobgoblin hits you with a club.
You die...

#.# ##.#.######## #.#
#.#......... ####'##
#.#..####### #.....#
#....#.....# #.....#
#######....#.###.#
#.....# #.....#....#.#
#.#
#.....######.###.#....#.#
#.#
####.......ggg.#.#..>.#.#
#.#
#########@#.#.#.##.#.#
#.# #g#.#.#.##.#.# #..
#g#.#.#.##.#.###.#
#g#...#.##.#.#.###
#g#####.#..#.#....


ggg #.#.##.#.### ..... #.#.##.#.# ......# #.#.##.#.# .......# #.#.##.#.# You
could see Robin, 4 hobgoblins and 5 goblins.

Vanquished Creatures
  An adder (D:1)
  A worm (D:2)
  A dart slug (D:1)
  2 leopard geckos (D:1)
  6 bats
  A giant cockroach (D:1)
  6 goblins
  3 hobgoblins (D:1)
  2 kobolds (D:1)
  A ball python (D:1)
  3 frilled lizards (D:1)
  4 rats (D:1)
31 creatures vanquished.

Notes
Turn   | Place    | Note
-------+----------+-------------------------------------------
     0 | D:1      | Magnus the Demonspawn Gladiator began the quest for the Orb.
     0 | D:1      | Reached XP level 1. HP: 16/16 MP: 1/1
   231 | D:1      | Reached skill level 3 in Long Blades
   241 | D:1      | Gained mutation: You sometimes gain a little power by taking damage. [demonic ancestry]
   241 | D:1      | Reached XP level 2. HP: 7/22 MP: 2/2
  1075 | D:1      | Reached XP level 3. HP: 17/27 MP: 3/3
  1555 | D:2      | Reached skill level 4 in Long Blades
  1808 | D:2      | Noticed Robin
  1821 | D:2      | Slain by a hobgoblin

Skill      XL: |  1  2  3 |
---------------+----------+-----
Long Blades    | 3 4 |  4.1
Fighting       | |  2.0
Throwing       | |  1.7
Dodging        | |  2.6

Action                   || total
-------------------------++-------
Melee: Long sword        ||    94
  Eat: Chunk             ||     2
Armor: Leather armour    ||    63
Dodge: Dodged            ||   100
       Rpst.: Long sword ||    39
